 Dungeon Crawl Stone Soup version 0.31-a0-702-gf82c85558f (webtiles) character file.

Game seed: 11381388321515785902

101 qw the Shooter (level 4, -2/28 HPs)
             Began as a Gargoyle Hunter on Sept 8, 2023.
             Killed from afar by a steam dragon (8 damage)
             ... with a ball of steam
             ... on level 3 of the Dungeon.
             The game lasted 00:00:44 (1340 turns).

qw the Shooter (Gargoyle Hunter)                    Turns: 1340, Time: 00:00:44

Health: -2/28      AC:  8    Str: 15    XL:     4   Next: 75%
Magic:  4/4        EV: 11    Int:  9    God:
Gold:   193        SH:  5    Dex: 15    Spells: 3/3 levels left

rFire   . . .        Y - +0 shortbow (chaos)
rCold   . . .        (shield currently unavailable)
rNeg    + . .        j - +0 ring mail
rPois   inf          (no helmet)
rElec   +            (no cloak)
rCorr   .            (no gloves)
SInv    .            (no boots)
Will    .....        h - amulet of reflection
Stlth   +            (no ring)
HPRegen 0.24/turn    (no ring)
MPRegen 0.09/turn

%: reflection
@: about to teleport
A: sickness immunity, AC +3, negative energy resistance 1, electricity
resistance, torment resistance 1, petrification resistance
a: no special abilities


You were on level 3 of the Dungeon.
You visited 1 branch of the dungeon, and saw 4 of its levels.

You collected 193 gold pieces.


Innate Abilities, Weirdness & Mutations

You are immune to sickness and miasma.
Your stone body is resilient. (AC +3)
You are immune to poison.
You resist negative energy. (rN+)
You are resistant to electric shocks. (rElec)
You are resistant to unholy torment.
You are immune to petrification.


   Skills:
 - Level 3.1 Fighting
 - Level 5.5 Ranged Weapons
 + Level 0.7 Armour
 - Level 1.5 Dodging
 - Level 1.1 Stealth


You had 3 spell levels left.
You didn't know any spells.
Your spell library was empty.

Inventory:

Hand Weapons
 Y - a +0 shortbow of chaos (weapon)
Armour
 j - a +0 ring mail (worn)
Jewellery
 h - an amulet of reflection (around neck)
Scrolls
 d - a scroll of teleportation
 f - a scroll of identify
Potions
 a - a potion of haste
 b - a potion of mutation {unknown}
 e - a potion of heal wounds {unknown}
 g - a potion of brilliance {unknown}
 i - a potion of lignification {unknown}

Dungeon Overview and Level Annotations

Branches:
Dungeon (4/15)
 Temple: D:4-7

Altars:
Uskayaw


Message History

There are monsters nearby!
1332 ||| STAIRDANCE The worm barely misses you.
The goblin hits you but does no damage.
You climb upwards.
There is a stone staircase leading down here.
You shoot an arrow. The arrow hits the worm!
The worm is poisoned.
The worm is severely wounded.
The worm bites you but does no damage. The goblin hits you with a +0 dagger.
You shoot an arrow.
The arrow hits the worm but does no damage.
The worm resists with some effort.
The worm is severely wounded.
The goblin hits you but does no damage. The worm bites you.
You shoot an arrow. The arrow hits the worm.
The worm evaporates and reforms as a steam dragon!
The goblin hits you but does no damage. You block the steam dragon's attack.
The steam dragon closely misses you.
You shoot an arrow.
The arrow closely misses the steam dragon.
The goblin hits you but does no damage. The steam dragon closely misses you.
The steam dragon barely misses you. The goblin closely misses you.
You shoot an arrow.
The arrow hits the steam dragon but does no damage.
The steam dragon bites you but does no damage.
You block the steam dragon's attack. The goblin closely misses you.
You shoot an arrow.
The arrow barely misses the steam dragon.
The steam dragon closely misses you. The steam dragon barely misses you.
The goblin completely misses you. The steam dragon breathes steam at you.
The ball of steam hits you!!
Ouch! That really hurt!
1340 ||| READING 2 scrolls of teleportation.
As you read the scroll of teleportation, it crumbles to dust.
You feel strangely unstable.
You are engulfed in a cloud of scalding steam.
The goblin hits you but does no damage. The steam dragon breathes steam at you.
The ball of steam hits you!
You die...

.# ##...####.########..>......
.# #.#..##.........#.........
.### #.##..#...................
...###
#.###¤#.............##....
#....#
#.###............##...#...
#.##.#
#..###..........#####.#...
#.##.###......¤........# #.#.##
#.##.#....####.¤g).....# #.#.#
#..............¤@......### #...#
#.......#.#...#..D###....####..#
#.......#.#.##..###
####..###.### #............#.##
##......#. ...#########...#
#####.(%. #### ##### ###.: # #..
# ##. # #.


You could see a steam dragon (catching breath) and a goblin.

Vanquished Creatures
  3 adders
  A worm (D:2)
  2 dart slugs (D:3)
  An orc (D:3)
  7 bats
  4 endoplasms
  3 giant cockroaches
  6 goblins
  5 hobgoblins
  4 jackals (D:1)
  3 quokkas
  5 ball pythons
  4 frilled lizards
  7 kobolds
  5 rats (D:1)
60 creatures vanquished.

Notes
Turn   | Place    | Note
-------+----------+-------------------------------------------
     0 | D:1      | qw the Gargoyle Hunter began the quest for the Orb.
     0 | D:1      | Reached XP level 1. HP: 12/12 MP: 1/1
     0 | D:1      | 0 ||| qw: Version: 0.3-a-76-g4403597
     0 | D:1      | 0 ||| qw: Game counter: 1230
     0 | D:1      | 0 ||| qw: Melee chars always use a shield: true
     0 | D:1      | 0 ||| qw: God list: Okawaru
     0 | D:1      | 0 ||| qw: Allow faded altars: false
     0 | D:1      | 0 ||| qw: Do Orc after clearing Dungeon:15 true
     0 | D:1      | 0 ||| qw: Do second Lair branch before Depths: true
     0 | D:1      | 0 ||| qw: Lair rune preference: random
     0 | D:1      | 0 ||| qw: Goals: Normal
     0 | D:1      | 0 ||| PLANNING D:1-11
   102 | D:1      | Reached XP level 2. HP: 17/17 MP: 2/2
   238 | D:1      | Reached XP level 3. HP: 21/21 MP: 3/3
   278 | D:1      | Reached skill level 5 in Ranged Weapons
   447 | D:1      | Found Hicophoc's Antique Weapon Emporium.
   468 | D:1      | 468 ||| READING scroll labelled ITUOBB JUZA.
   469 | D:1      | 469 ||| READING 2 scrolls labelled FOUGOO LESO.
   470 | D:1      | 470 ||| DROPPING scroll of butterflies.
   471 | D:1      | 471 ||| DROPPING scroll of fear.
   493 | D:2      | Found a hide-covered altar of Uskayaw.
   528 | D:2      | Identified the +5 quarterstaff of Gurept {heavy, rElec
                  | rPois rN+}
   565 | D:2      | Reached skill level 3 in Fighting
   632 | D:2      | Reached XP level 4. HP: 28/28 MP: 4/4
   633 | D:2      | You fall into a shaft and drop 1 floor!
   639 | D:3      | Found a faded altar of an unknown god.
   890 | D:3      | 890 ||| UPGRADING to +0 ring mail.
   900 | D:3      | 900 ||| DROPPING +0 leather armour.
   901 | D:3      | 901 ||| UPGRADING to amulet of reflection.
   906 | D:3      | 906 ||| READING scroll labelled JIAHURCH ISAC.
   907 | D:3      | 907 ||| READING 3 scrolls labelled TYHYSO URAFO.
   910 | D:3      | 910 ||| READING scroll labelled YNUFYFIDUT.
  1169 | D:2      | 1169 ||| DROPPING ring of magical power.
  1170 | D:2      | 1170 ||| READING 3 scrolls labelled RIZEYDU WUELUA.
  1171 | D:2      | 1171 ||| READING 2 scrolls of identify.
  1171 | D:2      | 1171 ||| IDENTIFYING golden potion
  1172 | D:2      | 1172 ||| DROPPING 2 scrolls of amnesia.
  1327 | D:4      | 1327 ||| STAIRDANCE
  1332 | D:4      | 1332 ||| STAIRDANCE
  1336 | D:3      | a worm changed into a steam dragon
  1336 | D:3      | Noticed a steam dragon
  1339 | D:3      | HP: 6/28 [steam dragon/ball of steam (19)]
  1340 | D:3      | 1340 ||| READING 2 scrolls of teleportation.
  1340 | D:3      | Killed from afar by a steam dragon

Levels and vault maps discovered:
D:1:      tarquinn_simple_flora_water_a, layout_rooms, serial_shops,
          nicolae_shop_gibbet_a_chance, grunt_decor_one_mirror,
          minmay_surrounded
D:2:      layout_basic, basic_altar, serial_park_tiny_pond,
          minmay_misc_feat_ornament
D:3:      layout_rooms, chequers_ecumenical_altar_simple_redux
D:4:      layout_rooms, lemuel_round_altar

Skill      XL: |  1  2  3 |
---------------+----------+-----
Ranged Weapons | 5 |  5.5
Fighting       | 3 |  3.1
Armour         | |  0.7
Dodging        | |  1.5
Stealth        | |  1.1

Action                     |  1- 3 |  4- 6 || total
---------------------------+-------+-------++-------
   Fire: Shortbow          |   105 |    58 ||   163
    Use: Scroll            |     2 |     6 ||     8
 Armour: Leather armour    |    14 |     5 ||    19
         Ring mail         |       |    15 ||    15
  Dodge: Dodged            |    26 |    14 ||    40
  Block: Other             |       |     3 ||     3

Table legend:
 A = Non-vault XP
 B = Vault XP
 C = Vault XP percentage of total XP
 D = Non-vault monster count
 E = Vault monster count
 F = Vault count percentage of total count
                 A         B        C        D         E       F
            +---------+---------+-------+---------+---------+-------
      Total |     139 |       6 |   4.1 |      56 |       4 |   6.7
            +---------+---------+-------+---------+---------+-------
        D:1 |      47 |       6 |  11.3 |      28 |       4 |  12.5
        D:2 |      36 |       0 |   0.0 |      12 |       0 |   0.0
        D:3 |      56 |       0 |   0.0 |      16 |       0 |   0.0
            +---------+---------+-------+---------+---------+-------
